 Dungeon Crawl Stone Soup version 0.25-a0-346-g140ab784a8 (webtiles) character file.

Game seed: 2750951192830323033, levelgen mode: classic

104724 Borgoz the Stickfighter (level 16, -2/104 HPs)
             Began as a Gargoyle Gladiator on Jan 1, 2020.
             Was the Champion of Ashenzari.
             Slain by an ettin
             ... wielding a +0 dire flail
              (15 damage)
             ... on level 1 of the Orcish Mines.
             The game lasted 01:00:27 (24562 turns).

Borgoz the Stickfighter (Gargoyle Gladiator)       Turns: 24562, Time: 01:00:28

Health: -2/104     AC: 39    Str: 32    XL:     16   Next: 39%
Magic:  23/23      EV: 15    Int: 12    God:    Ashenzari [******]
Gold:   1409       SH:  0    Dex: 15    Spells: 15/15 levels left

rFire    . . .     SeeInvis +   a - +4 quarterstaff (curse)
rCold    . . .     Gourm    .   (shield currently unavailable)
rNeg     + . .     Faith    .   M - +5 plate armour of the Lich-sworn {Int+4}
rPois    ∞         Spirit   .   R - +2 helmet of Daffodils {-Cast Regen+ SInv}
rElec    +         Reflect  .   j - scarf {repulsion}
rCorr    .         Harm     .   (no gloves)
MR       +++..     Clarity  +   Y - +1 pair of boots Stlth ..........NoCast +
                                l - amulet of rage
HPRegen  0.67/turn              b - ring of the Countless Wishes {MR+ Str+5 SInv}
MPRegen  0.18/turn              Z - ring of Luecessi {MR+ Str+3 Dex+2 Stlth+}

@: flying, repel missiles
A: big wings, negative energy resistance 1, electricity resistance, unbreathing,
petrification resistance, rot immunity, AC +12
a: Stop Flying, Curse Item, Scrying, Transfer Knowledge, Renounce Religion,
Evoke Berserk Rage


You were on level 1 of the Orcish Mines.
You worshipped Ashenzari.
Ashenzari was exalted by your worship.
You were not hungry.

You visited 4 branches of the dungeon, and saw 23 of its levels.
You also visited: Gauntlet.

You collected 1642 gold pieces.
You spent 233 gold pieces at shops.

Inventory:

Hand Weapons
 a - a cursed +4 quarterstaff (weapon)
Missiles
 d - a throwing net (quivered)
Armour
 j - a scarf of repulsion (worn)
 s - the +1 ice dragon scales of Articulation {rPois rF- rC++ SInv Stlth+}
   (You took it off a minotaur in a Gauntlet)

   It makes you vulnerable to fire.
   It greatly protects you from cold.
   It protects you from poison.
   It lets you see invisible.
   It makes you more stealthy.
 M - the +5 plate armour of the Lich-sworn (worn) {Int+4}
   (You found it on level 11 of the Dungeon)

   It affects your intelligence (+4).
 R - the +2 helmet of Daffodils (worn) {-Cast Regen+ SInv}
   (You found it on level 11 of the Dungeon)

   It lets you see invisible.
   It prevents spellcasting.
   It increases your rate of regeneration.
 Y - a +1 pair of boots (worn)
Jewellery
 b - the ring of the Countless Wishes (left hand) {MR+ Str+5 SInv}
   (You took it off a wight on level 10 of the Dungeon)

   [ring of see invisible]

   It affects your strength (+5).
   It affects your resistance to hostile enchantments.
   It lets you see invisible.
 i - the ring "Yptuudau" {rF- rCorr Str+3 Dex+4 Stlth+}
   (You found it on level 10 of the Dungeon)

   [ring of resist corrosion]

   It affects your strength (+3).
   It affects your dexterity (+4).
   It makes you vulnerable to fire.
   It provides partial protection from all sources of acid and corrosion.
   It makes you more stealthy.
 l - an amulet of rage (around neck)
 q - the ring of Dim Light {rC++ MR+ Slay+4 Stlth-}
   (You took it off an orc on level 1 of the Orcish Mines)

   [ring of protection from magic]

   It affects your accuracy and damage with ranged weapons and melee attacks
   (+4).
   It greatly protects you from cold.
   It affects your resistance to hostile enchantments.
   It makes you less stealthy.
 x - an uncursed amulet of regeneration
 L - the ring "Wojoc" {Fire *Contam Dex+2 Slay+3}
   (You took it off an orc warrior on level 10 of the Dungeon)

   [ring of fire]

   It enhances your fire magic.
   It affects your dexterity (+2).
   It affects your accuracy and damage with ranged weapons and melee attacks
   (+3).
   It protects you from fire.
   It makes you vulnerable to cold.
   It causes magical contamination when unequipped.
 Z - the ring of Luecessi (right hand) {MR+ Str+3 Dex+2 Stlth+}
   (You found it in a Gauntlet)

   [ring of stealth]

   It affects your strength (+3).
   It affects your dexterity (+2).
   It affects your resistance to hostile enchantments.
   It makes you more stealthy.
Wands
 k - a wand of acid (2)
 m - a wand of paralysis (14)
 F - a wand of clouds (12)
 U - a wand of iceblast (8)
 V - a wand of disintegration (6)
Scrolls
 e - 5 scrolls of magic mapping
 v - a scroll of silence
 w - 5 scrolls of fog
 A - 8 scrolls of remove curse
 C - 3 scrolls of teleportation
 E - 4 scrolls of fear
 H - 2 scrolls of blinking
Potions
 g - 3 potions of agility
 h - 2 potions of haste
 n - a potion of heal wounds
 o - a potion of cancellation
 p - 4 potions of berserk rage
 J - 3 potions of curing
 Q - 2 potions of might
Comestibles
 c - 14 chunks of flesh
 f - 27 rations


   Skills:
 + Level 13.2 Fighting
 * Level 16.7(21.7) Staves
 - Level 1.7 Throwing
 + Level 13.0 Armour
 + Level 10.6 Dodging
 - Level 10.0 Evocations


You had 15 spell levels left.
You didn't know any spells.
Your spell library contained the following spells:

 Spells                   Type           Power        Failure   Level  Hunger
 Foxfire                  Conj/Fire      #...         87%         1    ##.....
 Magic Dart               Conj           #...         87%         1    ##.....
 Blink                    Tloc           N/A          95%         2    ###....
 Call Imp                 Summ           #.......     95%         2    ###....
 Corpse Rot               Necr/Air       N/A          95%         2    ###....
 Slow                     Hex            #.......     95%         2    ###....
 Conjure Flame            Conj/Fire      #.......     99%         3    ####...
 Inner Flame              Hex/Fire       #.......     99%         3    ####...
 Mephitic Cloud           Conj/Pois/Air  #.......     99%         3    ####...
 Stone Arrow              Conj/Erth      #.....       99%         3    ####...
 Sticky Flame             Conj/Fire      #.......     100%        4    #####..
 Bolt of Magma            Conj/Fire/Erth #.........   100%        5    ######.
 Fireball                 Conj/Fire      #.........   100%        5    ######.
 Irradiate                Conj/Tmut      #.........   100%        5    ######.
 Iskenderun's Battlesphe  Conj/Chrm      #.......     100%        5    ######.
 Summon Forest            Summ/Tloc      #.........   100%        5    ######.
 Eringya's Noxious Bog    Tmut/Pois      #.........   100%        6    #######
 Hydra Form               Tmut           #.........   100%        6    #######
 Iron Shot                Conj/Erth      #.........   100%        6    #######
 Dragon Form              Tmut           #.........   100%        7    #######
 Orb of Destruction       Conj           #.........   100%        7    #######
 Spellforged Servitor     Conj/Summ      #.........   100%        7    #######
 Summon Hydra             Summ           #.........   100%        7    #######
 Statue Form              Tmut/Erth      Unusable     N/A         6    N/A

Dungeon Overview and Level Annotations

Branches:
Dungeon (15/15)            Temple (1/1) D:6            Lair (6/6) D:8
 Shoals (0/4) Lair:2        Snake (0/4) Lair:3        Slime (0/5) Lair:6
    Orc (1/2) D:10         Vaults (0/5) D:14         Depths (0/5) D:15
Gauntlet (visited)

Altars:
Ashenzari
Cheibriados
Dithmenos
Elyvilon
Fedhas
Gozag
Hepliaklqana
Kikubaaqudgha
Makhleb
Nemelex Xobeh
Okawaru
Qazlal
Ru
Sif Muna
Trog
Uskayaw
Vehumet
Wu Jian
Xom
Yredelemnul
Zin
The Shining One

Shops:
D:5 %:[%(   D:6 %   D:11 (   D:13 [


Innate Abilities, Weirdness & Mutations

You are resistant to torment.
Your stone body is resilient. (AC +12)
You are immune to poison.
Your large and strong wings let you fly indefinitely.
You resist negative energy. (rN+)
You are resistant to electric shocks. (rElec)
You can survive without breathing.
You are immune to petrification.
You are immune to rotting.


Message History

You sock the ettin!
You kill the ettin!
Your Armour skill increases to level 13!
The ettin hits you with a +0 dire flail! x2
Things that are here:
a +0 dire flail x2; 4 large rocks You thump the ettin!
The ettin is moderately wounded.
The ettin completely misses you. x2
You sock the ettin!
The ettin is heavily wounded.
You hit the ettin but do no damage.
The ettin is heavily wounded.
The ettin hits you with a +0 dire flail!!
* * * LOW HITPOINT WARNING * * *
The ettin hits you but does no damage.
You hit the ettin.
The ettin is heavily wounded.
The ettin hits you with a +0 dire flail!
You die...

#.......#*##.......
#.......# #.#......
#.......####.......
#.......##.#.......
#.....$.###........
#$...C(.##.........
#CC(....###........
##C##(####..#......
#@##))##{..#......
#.##))##...##.....
##'##))##..###.....
#...#))##..# ##....
#...#))##..####....
#..)#####.##.###...
#..)'..##.##.# * ,
#..)##.##.##.##*,
#...##.##.#...# *,*


You could see an ettin and 2 cyclopes.

Vanquished Creatures
  A tengu reaver (D:13)
  A stone giant (Orc:1)
  A minotaur (Gauntlet)
  A death ooze (Gauntlet)
  A fire dragon (D:15)
  5 ettins
  Josephine (D:11)
  A rakshasa (D:15)
  10 hydras
  2 catoblepae (Lair:6)
  Erica (D:11)
  A death knight (D:14)
  An ogre mage (D:10)
  5 death yaks (Lair:6)
  A deep troll shaman (Lair:6)
  5 centaur warriors
  9 two-headed ogres
  Nergalle (D:11)
  10 skeletal warriors (D:14)
  A lindwurm (Lair:6)
  A glowing orange brain (D:15)
  3 unseen horrors
  2 wizards (D:14)
  An orc knight (D:10)
  A wolf spider zombie (D:14)
  A phantasmal warrior (D:14)
  4 manticores
  5 ugly things
  14 cyclopes
  8 oklob plants
  2 deep elf magi
  A worldbinder (Gauntlet)
  Joseph (Lair:1)
  Maurice (D:10)
  7 elephants (Lair:6)
  A guardian serpent (shapeshifter) (D:10)
  Psyche (D:10)
  3 gargoyles
  6 black mambas
  7 spiny frogs
  A kobold demonologist (D:12)
  10 komodo dragons
  A queen bee (shapeshifter) (D:15)
  7 trolls
  A hornet (D:9)
  3 polar bears
  A hornet (shapeshifter) (D:15)
  A snapping turtle (shapeshifter) (D:15)
  8 dream sheep
  A meliai zombie (D:15)
  A snapping turtle (Lair:2)
  23 blink frogs
  9 hippogriffs
  9 slime creatures
  Sigmund (D:2)
  A spriggan (D:7)
  3 centaur simulacra
  2 shadows
  47 yaks
  7 wraiths
  4 wyverns
  2 basilisks
  A steam dragon (D:12)
  2 hungry ghosts (D:12)
  An acid dragon (D:11)
  A harpy simulacrum (Gauntlet)
  A warg (shapeshifter) (D:13)
  A redback simulacrum (Gauntlet)
  3 wargs (Orc:1)
  A soldier ant (D:14)
  Duvessa (D:6)
  16 water moccasins
  9 porcupines
  3 black bears
  9 orc warriors
  3 ice beasts
  Purgy (D:4)
  11 ogres
  3 eyes of draining
  2 necrophages
  A boggart (Gauntlet)
  4 sky beasts
  A black bear (shapeshifter) (D:13)
  A phantom (D:6)
  20 wolves
  6 centaurs
  4 big kobolds
  15 crocodiles
  Blork the orc (D:3)
  13 bullfrogs
  Dowan (D:6)
  2 wyvern skeletons
  2 scorpions
  A water moccasin skeleton (D:7)
  7 killer bees
  8 howler monkeys
  16 wights
  8 electric eels
  2 bullfrog zombies
  8 crimson imps
  4 jellies
  10 hounds
  7 orc priests
  13 orc wizards
  2 centaur skeletons
  Natasha (D:4)
  3 iguanas
  10 worker ants
  2 bullfrog simulacra
  2 hound skeletons
  2 worker ant zombies
  4 gnolls
  13 adders
  2 shadow imps
  2 adder skeletons
  A worm (D:4)
  2 dart slugs
  8 leopard geckos
  53 orcs
  A ball python (D:5)
  4 giant cockroaches
  11 goblins
  4 hobgoblins
  23 jackals
  18 kobolds
  4 quokkas
  3 bats
  6 frilled lizards
  3 leopard gecko skeletons
  A quokka skeleton (D:4)
  6 rats
  5 plants
692 creatures vanquished.

Vanquished Creatures (others)
  A killer bee (D:11)
  3 jackals (D:8)
  3 fungi
  9 plants
16 creatures vanquished.

Grand Total: 708 creatures vanquished

Notes
Turn   | Place    | Note
-------+----------+-------------------------------------------
     0 | D:1      | Borgoz the Gargoyle Gladiator began the quest for the Orb.
     0 | D:1      | Reached XP level 1. HP: 12/12 MP: 1/1
    83 | D:1      | Reached XP level 2. HP: 18/18 MP: 2/2
   670 | D:2      | Reached skill level 1 in Armour
   772 | D:2      | Reached XP level 3. HP: 22/22 MP: 3/3
   957 | D:2      | Noticed an ice beast
   982 | D:2      | Killed an ice beast
   982 | D:2      | Reached skill level 4 in Staves
   982 | D:2      | Reached XP level 4. HP: 20/28 MP: 4/4
   982 | D:2      | Reached XP level 5. HP: 23/32 MP: 5/5
  1158 | D:2      | Noticed Sigmund
  1170 | D:2      | Killed Sigmund
  1170 | D:2      | Reached XP level 6. HP: 25/38 MP: 6/6
  1249 | D:2      | Reached skill level 5 in Staves
  2033 | D:4      | Reached XP level 7. HP: 37/43 MP: 7/7
  2035 | D:4      | Noticed Blork the orc
  2037 | D:4      | Noticed Purgy
  2068 | D:3      | Killed Blork the orc
  2157 | D:4      | Killed Purgy
  2536 | D:4      | Reached skill level 6 in Staves
  2632 | D:4      | Noticed Natasha
  2645 | D:4      | Reached XP level 8. HP: 31/48 MP: 8/8
  2650 | D:4      | Killed Natasha
  3364 | D:5      | Entered Level 5 of the Dungeon
  3518 | D:5      | Found Etteic's Food Boutique.
  3555 | D:5      | Found Ukheo's Antique Weapon Shoppe.
  3681 | D:5      | Found Dosam's Armour Shop.
  3717 | D:5      | Reached skill level 5 in Fighting
  4043 | D:5      | Found a shattered altar of Ashenzari.
  4054 | D:5      | Became a worshipper of Ashenzari the Shackled
  4228 | D:5      | Found Suregeago's Book Boutique.
  4359 | D:5      | Found Gugaomargh's Food Shop.
  4859 | D:6      | Reached skill level 7 in Staves
  4904 | D:6      | Noticed Duvessa
  4912 | D:6      | Noticed Dowan
  4926 | D:6      | Killed Duvessa
  4926 | D:6      | Reached skill level 5 in Armour
  4926 | D:6      | Reached skill level 1 in Evocations
  4932 | D:6      | Killed Dowan
  4932 | D:6      | Reached XP level 9. HP: 55/55 MP: 9/9
  5082 | D:6      | Found an opulent altar of Gozag.
  5146 | D:6      | Found Bihaat's Food Shoppe.
  5279 | D:6      | Found a staircase to the Ecumenical Temple.
  5285 | Temple   | Entered the Ecumenical Temple
  5780 | D:7      | Reached skill level 8 in Staves
  5853 | D:7      | Reached * piety under Ashenzari
  5939 | D:7      | Reached skill level 5 in Dodging
  6641 | D:7      | Found a radiant altar of Vehumet.
  6755 | D:8      | Reached ** piety under Ashenzari
  6817 | D:8      | Noticed a two-headed ogre
  6836 | D:8      | Killed a two-headed ogre
  6836 | D:8      | Reached skill level 9 in Staves
  6836 | D:8      | Reached XP level 10. HP: 37/63 MP: 12/12
  7650 | D:8      | Found a staircase to the Lair.
  8116 | D:9      | Noticed a two-headed ogre
  8137 | D:9      | Killed a two-headed ogre
  8137 | D:9      | Reached skill level 10 in Staves
  8530 | D:9      | Reached XP level 11. HP: 48/68 MP: 14/14
  8836 | D:10     | Entered Level 10 of the Dungeon
  8836 | D:10     | Found a staircase to the Orcish Mines.
  9074 | D:10     | Noticed a centaur warrior
  9074 | D:10     | Noticed a manticore
  9092 | D:10     | Killed a centaur warrior
  9092 | D:10     | Reached skill level 5 in Evocations
  9106 | D:10     | Killed a manticore
  9317 | D:10     | Found a runed translucent door.
  9319 | D:10     | Found a runed translucent door.
  9328 | D:10     | Noticed a deep elf mage
  9335 | D:10     | Identified the ring of the Countless Wishes {MR+ Str+5
                  | SInv}
  9344 | D:10     | Killed a deep elf mage
  9358 | D:10     | Identified the cursed ring "Oteloqec" {rElec EV-2 Int+6
                  | Dex-5}
  9358 | D:10     | Noticed an ogre mage
  9366 | D:10     | Noticed an orc knight
  9370 | D:10     | Killed an ogre mage
  9370 | D:10     | Reached skill level 11 in Staves
  9387 | D:10     | Identified the ring "Wojoc" {Fire *Contam Dex+2 Slay+3}
  9389 | D:10     | Noticed a two-headed ogre
  9390 | D:10     | Killed an orc knight
  9395 | D:10     | Killed a two-headed ogre
  9689 | D:10     | Noticed Psyche
  9704 | D:10     | Killed Psyche
  9728 | D:10     | Killed an unseen horror
  9788 | D:10     | Noticed Maurice
  9801 | D:10     | Killed Maurice
 10178 | D:10     | Identified the +3 dagger of Pain and Death {pierce, +Rage
                  | +Inv Int+4 Dex-3}
 10449 | D:10     | Identified the ring "Yptuudau" {rF- rCorr Str+3 Dex+4
                  | Stlth+}
 10476 | D:10     | Noticed an unseen horror
 10707 | D:10     | Killed an unseen horror
 10855 | D:11     | Reached *** piety under Ashenzari
 10883 | D:11     | Reached XP level 12. HP: 65/76 MP: 16/16
 11149 | D:11     | Noticed Nergalle
 11161 | D:11     | Killed Nergalle
 11171 | D:11     | Got the uncursed plate armour of the Lich-sworn {Int+4}
 11182 | D:11     | Identified the +5 plate armour of the Lich-sworn {Int+4}
                  | (You found it on level 11 of the Dungeon)
 11388 | D:11     | Found Jecia's Antique Weapon Shoppe.
 11388 | D:11     | Noticed Josephine
 11422 | D:11     | Killed Josephine
 11429 | D:11     | Reached skill level 12 in Staves
 11545 | D:11     | Got the uncursed helmet of Daffodils {-Cast Regen+ SInv}
 11556 | D:11     | Identified the +2 helmet of Daffodils {-Cast Regen+ SInv}
                  | (You found it on level 11 of the Dungeon)
 11789 | D:11     | Identified the +7 shortbow of Fate {freeze, *Corrode +Blink
                  | rElec Dex+3}
 11854 | D:11     | Noticed Erica
 11863 | D:11     | Killed Erica
 11909 | D:11     | Noticed a seven-headed hydra
 11915 | D:11     | Killed a seven-headed hydra
 12199 | D:11     | Noticed a four-headed hydra
 12212 | D:11     | Killed a four-headed hydra
 12637 | D:12     | Got the uncursed ring mail of Venaki {SInv}
 12842 | D:12     | Reached skill level 10 in Fighting
 13009 | D:13     | Noticed a two-headed ogre
 13016 | D:13     | Killed a two-headed ogre
 13094 | D:13     | Reached **** piety under Ashenzari
 13131 | D:13     | Reached XP level 13. HP: 77/82 MP: 18/18
 13174 | D:13     | Found Xyrioh's Armour Boutique.
 13191 | D:13     | Bought the cursed -2 pair of gloves of the Enchanted Forest
                  | {rCorr Int+4 SInv} for 233 gold pieces
 13296 | D:13     | Reached skill level 13 in Staves
 13312 | D:13     | Reached skill level 10 in Armour
 13410 | D:13     | Noticed a tengu reaver
 13410 | D:13     | Noticed an ettin
 13441 | D:13     | Killed a tengu reaver
 13594 | D:13     | Killed an ettin
 13915 | D:14     | Found a gate leading to a gauntlet.
 14118 | Gauntlet | Entered a Gauntlet
 14118 | Gauntlet | Found a transporter.
 14118 | Gauntlet | Found a transporter.
 14123 | Gauntlet | Found a transporter.
 14123 | Gauntlet | Found a transporter.
 14132 | Gauntlet | Found a transporter.
 14153 | Gauntlet | Found a transporter.
 14159 | Gauntlet | Noticed a death ooze
 14161 | Gauntlet | Found a transporter.
 14161 | Gauntlet | Found a transporter.
 14163 | Gauntlet | Identified the ring of Luecessi {MR+ Str+3 Dex+2 Stlth+}
 14175 | Gauntlet | Found a transporter.
 14182 | Gauntlet | Found a transporter.
 14194 | Gauntlet | Found a transporter.
 14211 | Gauntlet | Noticed a death ooze
 14212 | Gauntlet | Found a transporter.
 14258 | Gauntlet | Found a transporter.
 14274 | Gauntlet | Found a transporter.
 14375 | Gauntlet | Found a transporter.
 14400 | Gauntlet | Found a transporter.
 14479 | Gauntlet | Killed a death ooze
 14630 | Gauntlet | Identified the +1 ice dragon scales of Articulation {rPois
                  | rF- rC++ SInv Stlth+}
 14630 | Gauntlet | Noticed a minotaur
 14659 | Gauntlet | Killed a minotaur
 15166 | Lair:1   | Entered Level 1 of the Lair of Beasts
 15166 | Lair:1   | Noticed Joseph
 15191 | Lair:1   | Killed Joseph
 15288 | Lair:1   | Identified the +7 ring mail of Venaki {SInv} (You found it
                  | on level 12 of the Dungeon)
 15389 | Lair:1   | Reached skill level 14 in Staves
 15389 | Lair:1   | Gained mutation: Your large and strong wings let you fly
                  | indefinitely. [Gargoyle growth]
 15389 | Lair:1   | Reached XP level 14. HP: 88/90 MP: 20/20
 16286 | Lair:2   | Reached ***** piety under Ashenzari
 16514 | Lair:2   | Found a staircase to the Shoals.
 17425 | Lair:3   | Found a staircase to the Snake Pit.
 19782 | Lair:6   | Entered Level 6 of the Lair of Beasts
 19815 | Lair:6   | Reached skill level 15 in Staves
 20066 | Lair:6   | Reached XP level 15. HP: 92/96 MP: 21/21
 21301 | Lair:6   | Found a staircase to the Slime Pits.
 21305 | Lair:6   | Reached skill level 10 in Dodging
 22163 | D:14     | Found a gate to the Vaults.
 22171 | D:14     | Reached skill level 16 in Staves
 22180 | D:14     | Reached skill level 10 in Evocations
 22239 | D:14     | Reached ****** piety under Ashenzari
 22382 | D:15     | Entered Level 15 of the Dungeon
 22925 | D:15     | Found a staircase to the Depths.
 22931 | D:15     | Reached XP level 16. HP: 101/103 MP: 23/23
 23591 | Orc:1    | Entered Level 1 of the Orcish Mines
 24282 | Orc:1    | Identified the ring of Dim Light {rC++ MR+ Slay+4 Stlth-}
 24525 | Orc:1    | Identified the cursed +2 long sword "Onocudac" {slice,
                  | Int+7}
 24525 | Orc:1    | Identified the +11 hunting sling "Maity" {speed, rF+ rC+}
 24562 | Orc:1    | Slain by an ettin

Levels and vault maps discovered:
D:1:      lightli_molten_gateway, layout_loops_ring
D:2:      layout_basic, uniq_sigmund
D:3:      layout_rooms, first_ration
D:4:      layout_gridville, uniq_purgy, uniq_blork_the_orc, uniq_natasha
D:5:      layout_basic, serial_shops, nicolae_shop_waterfront, shop, shop, shop,
          shop, corexii_hall_statues_t, evilmike_ruin_ashenzari
D:6:      layout_rooms, minmay_temple_entry_enclosed_plants, serial_shops,
          nicolae_shop_competitors_out_of_business, grunt_gozag_breadcrumbs,
          uniq_duvessa
D:7:      layout_cave_pods, overflow_temple_1_default, the_bakery
D:8:      layout_rooms, erik_lair_island
D:9:      layout_cave_pools
D:10:     minmay_the_grid_triangle_9x9_rhombus_full
          [minmay_the_grid_triangle_9x9_cache,
          minmay_the_grid_triangle_9x9_skeleton,
          minmay_the_grid_triangle_9x9_checkered,
          minmay_the_grid_triangle_9x9_zippers_vertical,
          minmay_the_grid_triangle_9x9_descending_squares,
          minmay_the_grid_triangle_9x9_tough_junction,
          minmay_the_grid_triangle_9x9_warning,
          minmay_the_grid_triangle_9x9_prize_special], layout_basic,
          uniq_psyche, uniq_maurice
D:11:     layout_stronghold, serial_shops, nicolae_shop_statue_plus,
          uniq_josephine, uniq_erica, uniq_nergalle
D:12:     layout_roguey, drop_trap, corner_web_ring
D:13:     minmay_expanding_squares, layout_cave_pools, serial_shops,
          nicolae_shop_stone, minmay_misc_feat_square
D:14:     layout_long_grid, david_vaults_1, small_statue_intersection,
          gauntlet_entry_generic
D:15:     gammafunk_enter_depths_forms, layout_cave_pools,
          grunt_decor_mini_mirrors, minmay_unpleasant_kobolds
Temple:   regret_index_temple_sigil_plot
Lair:1:   layout_long_grid, uniq_joseph
Lair:2:   layout_roguey, minmay_shoals_entry_hut, grunt_megastairs_1,
          lemuel_fruit_fields, minmay_lair_oklob_chamber,
          infiniplex_staircase_pool_2
Lair:3:   layout_concentric_octagons, dummy_snake_entry
Lair:4:   layout_concentric_octagons
Lair:5:   minmay_lair_oklob_tunnel, layout_gridlike, grunt_megastairs_5
Lair:6:   grunt_lair_end_beastmaster, layout_long_grid,
          minmay_slime_entry_oklob_open, serial_bayou_shore_a,
          infiniplex_staircase_pool
Orc:1:    giant_chief_lemuel, layout_diamond_mine, nicolae_orc_bridge_out

Skill      XL: |  1  2  3  4  5  6  7  8  9 10 11 12 13 14 15 16 |
---------------+-------------------------------------------------+-----
Armour         | 1 2 3 5 6 7 8 9 10 11 12 13 | 13.0
Fighting       | 3 4 5 7 8 9 10 11 12 13 | 13.2
Staves         | 4 5 6 7 9 10 11 12 14 15 16 | 16.7
Dodging        | 3 4 5 6 7 8 9 10 | 10.6
Evocations     | 1 3 4 5 7 8 9 10 | 10.0
Throwing       | |  1.7

Action                   |  1- 3 |  4- 6 |  7- 9 | 10-12 | 13-15 | 16-18 || total
-------------------------+-------+-------+-------+-------+-------+-------++-------
Melee: Quarterstaff      |    91 |   135 |   543 |   912 |  1931 |   321 ||  3933
Throw: Throwing net      |     3 |       |       |     5 |       |       ||     8
Invok: Curse Item        |       |       |     1 |       |       |       ||     1
 Abil: Evoke Berserk Rag |       |       |     2 |     3 |     9 |     2 ||    16
       Fly               |       |       |       |       |     1 |       ||     1
Evoke: Wand              |       |       |       |     1 |    19 |       ||    20
  Use: Scroll            |     2 |       |     8 |     9 |    17 |     1 ||    37
       Potion            |       |       |     3 |     2 |     4 |       ||     9
 Stab: Held in net/web   |       |       |       |     2 |       |       ||     2
       Petrified         |       |       |       |       |    31 |       ||    31
       Petrifying        |       |       |       |       |     2 |       ||     2
       Distracted        |       |       |       |       |     1 |       ||     1
  Eat: Chunk             |       |     4 |    11 |    23 |    34 |     5 ||    77
       Ration            |       |       |     2 |     1 |     2 |     1 ||     6
Armor: Leather armour    |    19 |       |       |       |       |       ||    19
       Scale mail        |    25 |    54 |   294 |   208 |       |       ||   581
       Plate armour      |       |       |       |   246 |  1041 |   114 ||  1401
       Acid dragon scale |       |       |       |     4 |       |       ||     4
Dodge: Dodged            |    50 |    71 |   347 |   546 |   979 |   152 ||  2145
       Deflected         |       |       |       |       |    15 |     5 ||    20

Table legend:
 A = Non-vault XP
 B = Vault XP
 C = Vault XP percentage of total XP
 D = Non-vault monster count
 E = Vault monster count
 F = Vault count percentage of total count
                 A         B        C        D         E       F
            +---------+---------+-------+---------+---------+-------
      Total |   88021 |   61586 |  41.2 |     533 |     155 |  22.5
            +---------+---------+-------+---------+---------+-------
        D:1 |      28 |       0 |   0.0 |      16 |       0 |   0.0
        D:2 |     186 |     231 |  55.4 |      15 |       1 |   6.2
        D:3 |     146 |      94 |  39.2 |      29 |       1 |   3.3
        D:4 |     514 |     165 |  24.3 |      23 |       2 |   8.0
        D:5 |     346 |       0 |   0.0 |      14 |       0 |   0.0
        D:6 |     915 |     208 |  18.5 |      28 |       2 |   6.7
        D:7 |     950 |     379 |  28.5 |      26 |       3 |  10.3
        D:8 |    2108 |     719 |  25.4 |      29 |       7 |  19.4
        D:9 |    2682 |       0 |   0.0 |      33 |       0 |   0.0
       D:10 |    1743 |    6690 |  79.3 |       8 |      21 |  72.4
       D:11 |    4964 |    3646 |  42.3 |      26 |       7 |  21.2
       D:12 |    3648 |       0 |   0.0 |      32 |       0 |   0.0
       D:13 |    2976 |    8881 |  74.9 |      19 |      19 |  50.0
       D:14 |   16191 |    3380 |  17.3 |      32 |       5 |  13.5
       D:15 |    4192 |    4188 |  50.0 |      15 |      15 |  50.0
     Lair:1 |    5569 |     475 |   7.9 |      25 |       1 |   3.8
     Lair:2 |    1813 |    1543 |  46.0 |      14 |       8 |  36.4
     Lair:3 |    5795 |       0 |   0.0 |      22 |       0 |   0.0
     Lair:4 |    5916 |       0 |   0.0 |      22 |       0 |   0.0
     Lair:5 |    4875 |    3119 |  39.0 |      16 |       8 |  33.3
     Lair:6 |   18628 |   10418 |  35.9 |      59 |      20 |  25.3
      Orc:1 |    3836 |   13727 |  78.2 |      30 |      27 |  47.4
   Gauntlet |       0 |    3723 | 100.0 |       0 |       8 | 100.0
            +---------+---------+-------+---------+---------+-------
